[Event "*** Titled Tuesday 3|2 Blitz"]
[Site "Chess.com"]
[Date "2016.06.07"]
[Round "1"]
[White "Dlugy"]
[Black "aripov96"]
[Result "1-0"]
[WhiteElo "2595"]
[BlackElo "2266"]
[TimeControl "180+2"]
[EndTime "17:03:00 PDT"]
[Termination "Dlugy won by resignation"]

1. d4 d5 2. Bf4 c6 3. e3 Nf6 4.
Nf3 Bg4 5. c4 e6 6. Qb3 Qb6 7.
Ne5 Nbd7 8. Nxg4 Nxg4 9. Nc3 Bb4 10. Be2 Ngf6 11. O-O O-O 12. c5 Qa5 13. Nb1 e5 14. Bg3 exd4 15. exd4 b6 16. a3 Bd2 17. Qc2 Bh6 18.
b4 Qa4 19. Qxa4 1-0

[Event "*** Titled Tuesday 3|2 Blitz"]
[Site "Chess.com"]
[Date "2016.06.07"]
[Round "1"]
[White "IIIlllII1llIl"]
[Black "chesstatour"]
[Result "1-0"]
[WhiteElo "2413"]
[BlackElo "2006"]
[TimeControl "180+2"]
[EndTime "17:03:23 PDT"]
[Termination "IIIlllII1llIl won by resignation"]

1. e4 c6 2. d4 d5 3. Nc3 dxe4 4. Nxe4 Nf6 5. Nxf6+ gxf6 6. Nf3 Bg4 7. Be2 e6 8. O-O Bd6 9. c4 Qc7 10. g3 Nd7 11. c5 Be7 12. Bf4 e5 13. dxe5 fxe5 14. Nxe5 Nxe5 15. Bxg4 O-O 16. Bf5 Bf6 17. Qh5 h6 18.
Qxh6 1-0

[Event "*** Titled Tuesday 3|2 Blitz"]
[Site "Chess.com"]
[Date "2016.06.07"]
[Round "1"]
[White "michaelq2d5"]
[Black "twitchTriniCupid"]
[Result "1-0"]
[WhiteElo "2484"]
[BlackElo "2120"]
[TimeControl "180+2"]
[EndTime "17:03:29 PDT"]
[Termination "michaelq2d5 won by resignation"]

1. d4 Nf6 2. c4 e6 3. Nc3 d5 4.
cxd5 Nxd5 5. e4 Nxc3 6. bxc3 g6 7. Nf3 Bg7 8. Be2 O-O 9. O-O Nd7 10. Rb1 c5 11. Be3 Qa5 12. Qb3 e5 13. d5 Qc7 14.
Nd2 a6 15. a4 Rb8 16. Qa3 b6 17. Rb2 Bb7 18. Rfb1 Ba8 19. Bxa6 f5 20. f3 Nf6 21. Bc4 Qd6 22. a5 f4 23. Bf2 bxa5 24. Bxc5 Qc7 25. d6+ 1-0

[Event "*** Titled Tuesday 3|2 Blitz"]
[Site "Chess.com"]
[Date "2016.06.07"]
[Round "1"]
[White "rdclayton"]
[Black "MaestroASK"]
[Result "0-1"]
[WhiteElo "2075"]
[BlackElo "2454"]
[TimeControl "180+2"]
[EndTime "17:04:12 PDT"]
[Termination "MaestroASK won by resignation"]

1. d4 d6 2. c4 g6 3. Nc3 c6 4.
e4 e5 5. Nf3 Bg7 6. Be3 Nd7 7. h3 Qe7 8. Be2 Ngf6 9. Qc2 O-O 10. O-O Re8 11. d5 c5 12. a3 b6 13. b4 a6 14.
Rab1 Qd8 15. Na4 Qc7 16. bxc5 bxc5 17. Rb2 Bb7 18. Rfb1 Reb8 19. Nb6 Nxb6 20. Rxb6 Nd7 21. R6b3 Bc8 22. Bd1 Rxb3 23. Qxb3 Rb8 24. Qa2 Rxb1 25. Qxb1 Qa5 26. Qb3 Bf6 27. Bd2 Qb6 28. Qb2 0-1

[Event "*** Titled Tuesday 3|2 Blitz"]
[Site "Chess.com"]
[Date "2016.06.07"]
[Round "1"]
[White "BCNUM8"]
[Black "matej2221"]
[Result "0-1"]
[WhiteElo "2124"]
[BlackElo "2485"]
[TimeControl "180+2"]
[EndTime "17:04:13 PDT"]
[Termination "matej2221 won by resignation"]

1. d4 d5 2. Bg5 Nd7 3. Nf3 Ngf6 4. Nbd2 c6 5. e3 e6 6. Bd3 Be7 7. c3 b6 8. Ne5 Nxe5 9. dxe5 Nd7 10. Bf4 Qc7 11. Nf3 h6 12. h4 Nc5 13. Bc2 Ba6 14. Nd4 O-O-O 15. Nb3 g5 16. Nxc5 bxc5 17. Bg3 d4 18.
cxd4 cxd4 19. exd4 Bb4+ 0-1

[Event "*** Titled Tuesday 3|2 Blitz"]
[Site "Chess.com"]
[Date "2016.06.07"]
[Round "1"]
[White "ChessNinja48"]
[Black "Noukii"]
[Result "0-1"]
[WhiteElo "2328"]
[BlackElo "2643"]
[TimeControl "180+2"]
[EndTime "17:04:30 PDT"]
[Termination "Noukii won by resignation"]

1. d4 d5 2. Nf3 Nf6 3. c4 c6 4. Nc3 dxc4 5. a4 Bg4 6. Ne5 Bh5 7. Nxc4 e6 8. Qb3 Na6 9. e3 Nb4 10. Be2 Bg6 11. O-O Bc2 12. Qa3 Bf5 13. Qb3 a5 14. Bd2 Be7 15. Na3 O-O 16. Rad1 Bd6 17.
h3 Qe7 18. Bf3 e5 19. dxe5 Qxe5 20. g3 Bxh3 21. Rfe1 Be6 22. Nc4 Qc5 23. Be2 b5 24. axb5 cxb5 25. Nxb5 Qxb5 26. Nxd6 Qxe2 0-1

[Event "*** Titled Tuesday 3|2 Blitz"]
[Site "Chess.com"]
[Date "2016.06.07"]
[Round "1"]
[White "Viaje"]
[Black "aspired"]
[Result "0-1"]
[WhiteElo "2147"]
[BlackElo "2496"]
[TimeControl "180+2"]
[EndTime "17:05:03 PDT"]
[Termination "aspired won by resignation"]

1. d4 d5 2. c4 dxc4 3. Nf3 Nf6 4.
e3 e6 5. Bxc4 a6 6. O-O c5 7.
dxc5 Bxc5 8. Qxd8+ Kxd8 9. Nbd2 Ke7 10. Nb3 Ba7 11. Be2 Rd8 12. e4 Nxe4 13. Bf4 Nc6 14. Rac1 f6 15. Nfd2 Nxd2 16. Bxd2 e5 17. Bf3 Bd7 18.
Na5 Rab8 19. a3 Rdc8 20. Nc4 b5 21. Bxc6 Bxc6 22. Bb4+ Ke6 23. Nd6 Rc7 24. Kh1 Bb6 25. f4 a5 26. f5+ Kd7 27. Rfd1 Bxg2+ 28. Kxg2 Rxc1 29. Rxc1 axb4 30. Nxb5 bxa3 31. Nxa3 Bd4 32. Nc4 Rb3 33. Rc2 h5 34. Rd2 h4 35. Kf1 h3 36.
Ke2 Kc6 37. Rd3 Rxd3 38. Kxd3 Kd5 39. Nd2 Bg1 0-1

[Event "*** Titled Tuesday 3|2 Blitz"]
[Site "Chess.com"]
[Date "2016.06.07"]
[Round "1"]
[White "dretch"]
[Black "hermionegrangermagic"]
[Result "1-0"]
[WhiteElo "2611"]
[BlackElo "2282"]
[TimeControl "180+2"]
[EndTime "17:05:06 PDT"]
[Termination "dretch won by resignation"]

1. d4 d5 2. c4 e6 3. Nc3 c6 4. e4 dxe4 5. Nxe4 Nf6 6. Nxf6+ Qxf6 7. Nf3 Bb4+ 8. Bd2 Bxd2+ 9. Qxd2 Nd7 10. Bd3 O-O 11. Ng5 g6 12. h4 Qxd4 13. Nxh7 Rd8 14. O-O-O Nc5 15. Qh6 Qg7 16. Qg5 Nxd3+ 17. Rxd3 Rxd3 18.
Nf6+ Kf8 19. Qc5+ 1-0

[Event "*** Titled Tuesday 3|2 Blitz"]
[Site "Chess.com"]
[Date "2016.06.07"]
[Round "1"]
[White "WanderingPuppet"]
[Black "severomorskij"]
[Result "0-1"]
[WhiteElo "2280"]
[BlackElo "2609"]
[TimeControl "180+2"]
[EndTime "17:05:13 PDT"]
[Termination "severomorskij won by resignation"]

1. e4 c5 2. Nf3 Nc6 3. d4 cxd4 4. Nxd4 Nf6 5. Nc3 e5 6. Ndb5 d6 7. Bg5 a6 8. Na3 b5 9. Nd5 Be7 10. Bxf6 Bxf6 11. c3 O-O 12. Nc2 Bg5 13. h4 Bh6 14. g4 Bf4 15. Qf3 Be6 16. Nxf4 exf4 17. Qxf4 b4 18.
Nxb4 Nxb4 19. cxb4 Qb6 20. a3 d5 21. O-O-O Rfc8+ 22. Kb1 d4 23. f3 Qc6 24. Bd3 Qa4 25.
Rc1 Qb3 26. Rxc8+ Rxc8 0-1

[Event "*** Titled Tuesday 3|2 Blitz"]
[Site "Chess.com"]
[Date "2016.06.07"]
[Round "1"]
[White "cheese111"]
[Black "Yaacovn"]
[Result "0-1"]
[WhiteElo "2291"]
[BlackElo "2613"]
[TimeControl "180+2"]
[EndTime "17:05:42 PDT"]
[Termination "Yaacovn won by resignation"]

1. e4 c6 2. d4 d5 3. Nd2 dxe4 4. Nxe4 Nf6 5. Nxf6+ gxf6 6. Nf3 Bg4 7. g3 Bxf3 8. Qxf3 Qxd4 9. c3 Qd5 10. Qxd5 cxd5 11. Bg2 e6 12. c4 Nc6 13. cxd5 Nb4 14. O-O Nxd5 15. Bxd5 exd5 16. Rd1 O-O-O 17. Be3 b6 18. Bf4 Bd6 19. Rac1+ Kb7 20. Rxd5 Bxf4 21. Rxd8 Rxd8 22. gxf4 Rd2 23. Re1 Rxb2 24. Re7+ Ka6 25. Rxf7 Rxa2 26. Rxh7 b5 27. h4 b4 28. Rh8 Kb7 29. Rh7+ Kc6 30.
Rh8 Ra5 31. h5 b3 32. Rb8 Rb5 33. Rc8+ Kd7 34. Rc1 Rxh5 0-1

[Event "*** Titled Tuesday 3|2 Blitz"]
[Site "Chess.com"]
[Date "2016.06.07"]
[Round "1"]
[White "BikingBrian"]
[Black "attack2mateU"]
[Result "1/2-1/2"]
[WhiteElo "2110"]
[BlackElo "2458"]
[TimeControl "180+2"]
[EndTime "17:05:42 PDT"]
[Termination "Game drawn by repetition"]

1. d4 Nf6 2. c4 e6 3. Nc3 Bb4 4. e3 O-O 5. a3 Bxc3+ 6. bxc3 d5 7. cxd5 exd5 8. Bd3 c5 9. Ne2 b6 10. O-O Ba6 11. Ng3 Bxd3 12. Qxd3 Nc6 13. Bb2 Re8 14.
f3 h5 15. Rae1 Qd7 16. e4 h4 17. Nf5 h3 18. e5 hxg2 19. Kxg2 Nh5 20. f4 g6 21. Ng3 Nxg3 22. hxg3 Qf5 23. Qxf5 gxf5 24.
Rh1 cxd4 25. cxd4 Rac8 26. Rh5 Na5 27. Bc1 Rc2+ 28. Kf3 Rec8 29. Be3 R8c3 30. Reh1 Kf8 31. Rxf5 Nc4 32. Rh7 Rxe3+ 33. Kg4 Ke8 34. Rfxf7 Rg2 35.
Re7+ Kf8 36. Ref7+ Ke8 37. Re7+ Kf8 38. Ref7+ Ke8 39. Re7+ 1/2-1/2

[Event "*** Titled Tuesday 3|2 Blitz"]
[Site "Chess.com"]
[Date "2016.06.07"]
[Round "1"]
[White "1stSecond"]
[Black "Malev212"]
[Result "1-0"]
[WhiteElo "2605"]
[BlackElo "2279"]
[TimeControl "180+2"]
[EndTime "17:06:35 PDT"]
[Termination "1stSecond won by resignation"]

1. d4 d5 2. Nf3 e6 3. c4 Nf6 4.
Nc3 c6 5. Bf4 dxc4 6. e3 b5 7.
a4 Bb4 8. Be2 Nd5 9. Qc2 Nxf4 10. exf4 Bb7 11. O-O a6 12. Rad1 Nd7 13. Ng5 Nf6 14.
Bf3 Bxc3 15. bxc3 Qc7 16. g3 O-O 17. Rfe1 Rad8 18. Re5 h6 19. Ne4 Nd7 20. Rh5 c5 21.
axb5 axb5 22. Qe2 cxd4 23. Rxd4 f5 24. Ng5 Nc5 25. Bxb7 hxg5 26. fxg5 Rxd4 27. cxd4 Ne4 28. g6 Rd8 29. Bxe4 fxe4 30. Qxe4 Qb6 31. Qh4 1-0

[Event "*** Titled Tuesday 3|2 Blitz"]
[Site "Chess.com"]
[Date "2016.06.07"]
[Round "1"]
[White "andretta"]
[Black "Mornar1951"]
[Result "0-1"]
[WhiteElo "2158"]
[BlackElo "2507"]
[TimeControl "180+2"]
[EndTime "17:06:41 PDT"]
[Termination "Mornar1951 won by resignation"]

1. Nf3 Nf6 2. c4 e6 3. g3 d5 4. Bg2 dxc4 5. Qa4+ Bd7 6. Qxc4 c5 7. O-O Bc6 8. d3 Nbd7 9. Qc2 Rc8 10. Nc3 Be7 11. e4 O-O 12. d4 b5 13. dxc5 b4 14. e5 Bxf3 15. exf6 Bxg2 16. fxe7 Qxe7 17. Kxg2 bxc3 18. b4 Qf6 19. Be3 Ne5 20. Qxc3 Qf3+ 21. Kg1 Qe4 22. f3 Nxf3+ 23. Rxf3 Qxf3 24. a4 Rfd8 25. b5 Rd1+ 26. Rxd1 Qxd1+ 27. Kg2 Qxa4 28. Qb2 Qe4+ 29.
Kf2 Rxc5 30. Bxc5 Qf5+ 31. Kg2 Qxc5 32. Qa2 Qd5+ 0-1

[Event "*** Titled Tuesday 3|2 Blitz"]
[Site "Chess.com"]
[Date "2016.06.07"]
[Round "1"]
[White "gmjoey1"]
[Black "AllStarShark"]
[Result "1-0"]
[WhiteElo "2510"]
[BlackElo "2137"]
[TimeControl "180+2"]
[EndTime "17:06:44 PDT"]
[Termination "gmjoey1 won by checkmate"]

1. e4 c6 2. Nc3 d5 3. Nf3 Bg4 4. h3 Bxf3 5. Qxf3 e6 6. d4 dxe4 7. Nxe4 Nd7 8. Bd3 Ngf6 9. O-O Nxe4 10. Qxe4 Nf6 11. Qh4 Be7 12. Rd1 Qc7 13. c4 O-O-O 14. Bf4 Bd6 15. Bg5 Be7 16. Bc2 h6 17. Bf4 Bd6 18.
Bxd6 Qxd6 19. f3 Qc7 20. Qf2 Rd7 21. Rd2 Rhd8 22. Rad1 Qb6 23. b3 e5 24. Bf5 exd4 25.
Rxd4 Kc7 26. Bxd7 Nxd7 27. c5 Qa5 28. b4 Qa3 29. Qd2 a6 30. Rxd7+ Rxd7 31. Qxd7+ Kb8 32.
Qd8+ Ka7 33. Qb6+ Kb8 34. Rd8# 1-0

[Event "*** Titled Tuesday 3|2 Blitz"]
[Site "Chess.com"]
[Date "2016.06.07"]
[Round "1"]
[White "Iball95"]
[Black "djgwards"]
[Result "1-0"]
[WhiteElo "2462"]
[BlackElo "2076"]
[TimeControl "180+2"]
[EndTime "17:06:51 PDT"]
[Termination "Iball95 won by resignation"]

1. e4 e5 2. Nf3 Nc6 3. Nc3 Nf6 4.
Bb5 Bd6 5. O-O O-O 6. d3 Re8 7. a3 a6 8. Bc4 h6 9. Nh4 Ne7 10. Qf3 Bc5 11. Bxh6 d5 12. exd5 Bg4 13. Qg3 gxh6 14.
h3 Qd7 15. hxg4 Qxg4 16. Qxg4+ Nxg4 17. Ne4 Ba7 18. d6 cxd6 19. Nxd6 Rf8 20. Rae1 b5 21. Bb3 Rad8 22. Ndf5 Nxf5 23. Nxf5 Kh7 24. Re4 h5 25. g3 Kg6 26. Ne7+ Kg7 27. Nc6 Rd7 28. Nxe5 Nxe5 29. Rxe5 Bd4 30. Rxh5 Bxb2 31. a4 b4 32. Re1 Rd6 33. Kg2 Rf6 34. Rg5+ Rg6 35. Rxg6+ Kxg6 36. Re7 Bd4 37. Rd7 Be5 38. Ra7 Re8 39. Rxa6+ Kg7 40. Ra7 1-0

[Event "*** Titled Tuesday 3|2 Blitz"]
[Site "Chess.com"]
[Date "2016.06.07"]
[Round "1"]
[White "Penguininja"]
[Black "Boryboy"]
[Result "0-1"]
[WhiteElo "2217"]
[BlackElo "2537"]
[TimeControl "180+2"]
[EndTime "17:06:54 PDT"]
[Termination "Boryboy won by resignation"]

1. d4 e6 2. Nf3 Nf6 3. c4 a5 4.
g3 Bb4+ 5. Bd2 d5 6. Bg2 dxc4 7.
O-O Nc6 8. Bg5 h6 9. Bxf6 Qxf6 10. a3 Bd6 11. Nc3 e5 12. dxe5 Nxe5 13. Nxe5 Qxe5 14.
Qa4+ Bd7 15. Qxc4 Rb8 16. Rfd1 O-O 17. Rac1 Be6 18. Nd5 Qxb2 19. Qh4 Bxd5 20. Bxd5 Qxa3 21. Rc4 Qb2 22. Rg4 Kh8 23. Qh5 Rbd8 24. Bxf7 Qxe2 25. Rf1 Qe5 26. Qg6 Qf6 27. Qxf6 gxf6 28. Bd5 c6 29.
Ba2 Bc5 30. Rg6 Kh7 31. Bb1 f5 32. Re6 Kg7 33. g4 Rf6 34. gxf5 Rxe6 35. fxe6 Kf6 36.
Re1 Rd2 0-1

[Event "*** Titled Tuesday 3|2 Blitz"]
[Site "Chess.com"]
[Date "2016.06.07"]
[Round "1"]
[White "evgenyermolaev"]
[Black "Fandorine"]
[Result "0-1"]
[WhiteElo "2265"]
[BlackElo "2596"]
[TimeControl "180+2"]
[EndTime "17:07:09 PDT"]
[Termination "Fandorine won by resignation"]

1. e4 c6 2. Nf3 d5 3. Nc3 Bg4 4. h3 Bxf3 5. Qxf3 e6 6. Be2 Nf6 7. O-O Nbd7 8. d4 dxe4 9. Nxe4 Nxe4 10. Qxe4 Be7 11. c4 O-O 12. Be3 Nf6 13. Qc2 Qc7 14.
Rfd1 Rfd8 15. Bf3 Rd7 16. Rd3 Rad8 17. Rad1 Ne8 18. g3 Bf6 19. h4 Nd6 20. Bf4 Qc8 21. Bxd6 Rxd6 22. Qd2 Bxd4 23. Qe2 c5 24. Qe4 b6 25.
Kg2 Qc7 26. b3 Qe7 27. h5 g6 28. hxg6 hxg6 29. Rh1 Qf6 30. Qg4 Bxf2 31. Rxd6 Rxd6 32. Kxf2 Rd2+ 33. Ke1 Qc3 34. Be2 Rd4+ 35. Kf2 Rxg4 36. Bxg4 Qd4+ 37. Kf3 f5 38. Bh3 Qe4+ 0-1

[Event "*** Titled Tuesday 3|2 Blitz"]
[Site "Chess.com"]
[Date "2016.06.07"]
[Round "1"]
[White "ShimanovAlex"]
[Black "GianmarcoVaR"]
[Result "1-0"]
[WhiteElo "2643"]
[BlackElo "2320"]
[TimeControl "180+2"]
[EndTime "17:07:17 PDT"]
[Termination "ShimanovAlex won by resignation"]

1. d4 Nf6 2. Nf3 e6 3. Bf4 c5 4. e3 d5 5. Nbd2 Bd6 6. Bg3 Nc6 7. c3 O-O 8. Bd3 b6 9. Qe2 Bb7 10. Rd1 Rc8 11. a3 Qc7 12. e4 dxe4 13. Nxe4 Nxe4 14.
Qxe4 g6 15. Qh4 Kg7 16. dxc5 Be5 17. cxb6 axb6 18. Be4 Bxg3 19. hxg3 h5 20. Qg5 Qe7 21. Rxh5 Qxg5 22. Rxg5 Ba6 23. Bxc6 Rxc6 24. Rg4 Rc7 25. Rd6 Rb8 26. Rb4 Rcb7 27. Ne5 Rh8 28. Rbxb6 Rh1+ 29.
Kd2 Rxb6 30. Rxb6 Bc8 31. Rc6 Bb7 32. Rc7 Bxg2 33. Rxf7+ Kg8 34. Rf6 Be4 35. Rxe6 Rb1 36. b4 Kg7 37. a4 Bf5 38. Rd6 g5 39. a5 Ra1 40. a6 Be4 41. b5 Ra2+ 42. Ke3 Bg2 43. Nc6 Bf1 44. Nd4 Ra3 45. Rc6 Bg2 46. Rc7+ Kf6 47. a7 Rxa7 48. Rxa7 1-0

[Event "*** Titled Tuesday 3|2 Blitz"]
[Site "Chess.com"]
[Date "2016.06.07"]
[Round "1"]
[White "Durarbayli"]
[Black "platy3"]
[Result "0-1"]
[WhiteElo "2317"]
[BlackElo "2684"]
[TimeControl "180+2"]
[EndTime "17:07:32 PDT"]
[Termination "platy3 won by resignation"]

1. e4 c5 2. Nf3 e6 3. d4 cxd4 4. Nxd4 a6 5. c4 Nf6 6. Nc3 Qc7 7. Be2 Be7 8. O-O O-O 9. Be3 d6 10. a4 Nc6 11. Nb3 Nd7 12. a5 Nc5 13. Nd2 Bf6 14. Qc2 Nd4 15. Bxd4 Bxd4 16. b4 Nd7 17. Nb3 Bf6 18.
Rad1 Ne5 19. Na4 Bd7 20. Nb6 Rad8 21. c5 Bc6 22. f4 Ng6 23. cxd6 Rxd6 24. Rxd6 Qxd6 25.
e5 Nxe5 26. fxe5 Bxe5 27. h3 Qxb4 28. Qc4 Qd6 29. Kh1 Qe7 30. Nd2 Bb8 31. Nf3 Qd6 32. Rd1 Qg3 33. Qg4 Qf2 34. Ng1 h5 35. Qg5 Bf4 36. Rf1 Qxf1 0-1

[Event "*** Titled Tuesday 3|2 Blitz"]
[Site "Chess.com"]
[Date "2016.06.07"]
[Round "1"]
[White "Andrejkin"]
[Black "JusticeBot"]
[Result "0-1"]
[WhiteElo "2167"]
[BlackElo "2517"]
[TimeControl "180+2"]
[EndTime "17:07:39 PDT"]
[Termination "JusticeBot won by checkmate"]

1. d4 Nf6 2. c4 e6 3. Nf3 b6 4. g3 Ba6 5. b3 d5 6. Bg2 dxc4 7.
Ne5 Bb4+ 8. Bd2 cxb3 9. Bxb4 b2 10. Nc3 bxa1=Q 11. Qxa1 Qxd4 12. Bxa8 Qxe5 13. O-O c5 14.
Ba3 O-O 15. Bb2 Nbd7 16. Bg2 Qc7 17. a4 Bb7 18. e4 a6 19. Re1 Ne5 20. Qb1 Rd8 21. h3 Nd3 22. Rd1 c4 23. Ba3 e5 24.
Qc2 h5 25. Rb1 Nc5 26. Re1 Qc6 27. Kh2 b5 28. axb5 axb5 29. Bb4 Nd3 30. Rb1 Qb6 31. Be7 Rd7 32. Bxf6 gxf6 33. Rf1 b4 34. Nd5 Bxd5 35.
exd5 Qd4 36. Qe2 b3 37. f4 c3 38. fxe5 Nxe5 39. Rxf6 c2 40. Qxh5 c1=Q 41. Rh6 Qcg1# 0-1

[Event "*** Titled Tuesday 3|2 Blitz"]
[Site "Chess.com"]
[Date "2016.06.07"]
[Round "1"]
[White "Abrito99"]
[Black "champ1000"]
[Result "0-1"]
[WhiteElo "2352"]
[BlackElo "1996"]
[TimeControl "180+2"]
[EndTime "17:07:40 PDT"]
[Termination "champ1000 won by checkmate"]

1. e4 c5 2. d3 Nc6 3. Nc3 g6 4. g3 Bg7 5. Bg2 e6 6. f4 Nge7 7. Nf3 O-O 8. O-O d5 9. Kh1 a6 10. e5 f5 11. Ne2 h6 12. c4 d4 13. Bd2 Rb8 14. Rc1 b6 15. a3 a5 16. Qe1 Ra8 17.
b4 axb4 18. axb4 Ra3 19. b5 Nb8 20. Ra1 Rxa1 21. Qxa1 Qc7 22. Qa3 Bb7 23. Ra1 Nd7 24. Nexd4 Ra8 25. Qxa8+ Bxa8 26. Rxa8+ Kf7 27. Nb3 g5 28. h4 gxf4 29. gxf4 Ng6 30. h5 Ne7 31. Nh4 Nf8 32. Bc3 Nc8 33. Bc6 Qd8 34. d4 Qxh4+ 35.
Kg1 Qg3+ 36. Kh1 Qxc3 37. d5 Qf3+ 38. Kg1 Qg3+ 39. Kh1 Qxb3 40. d6 Qxc4 41. Rxc8 Qf1+ 42. Kh2 Qxf4+ 43. Kh1 Bxe5 44. d7 Qh2# 0-1

[Event "*** Titled Tuesday 3|2 Blitz"]
[Site "Chess.com"]
[Date "2016.06.07"]
[Round "1"]
[White "GMKrikor"]
[Black "yopino"]
[Result "0-1"]
[WhiteElo "2523"]
[BlackElo "2238"]
[TimeControl "180+2"]
[EndTime "17:07:46 PDT"]
[Termination "yopino won by resignation"]

1. d4 Nf6 2. c4 e6 3. Nc3 Bb4 4. g3 c5 5. Nf3 cxd4 6. Nxd4 O-O 7. Bg2 d5 8. cxd5 Nxd5 9. Qb3 Nc6 10. Nxc6 bxc6 11.
O-O Rb8 12. a3 Nxc3 13. bxc3 Bd6 14. Qc4 Qa5 15. Be3 c5 16. Rfd1 Be7 17. Bf4 Ba6 18.
Qe4 Rbd8 19. c4 Bf6 20. Rab1 Rxd1+ 21. Rxd1 Qxa3 22. h4 Qa4 23. Rc1 Rd8 24. Kh2 h6 25.
h5 Qd7 26. Be3 Bd4 27. Bxd4 Qxd4 28. Qc2 Qxf2 29. Kh3 Rd4 30. Qa2 Rd3 31. Bf3 Rxf3 32. Rg1 Rf5 0-1

[Event "*** Titled Tuesday 3|2 Blitz"]
[Site "Chess.com"]
[Date "2016.06.07"]
[Round "1"]
[White "SwiftyMcBishop"]
[Black "ZEN-22"]
[Result "0-1"]
[WhiteElo "1934"]
[BlackElo "2403"]
[TimeControl "180+2"]
[EndTime "17:07:48 PDT"]
[Termination "ZEN-22 won by resignation"]

1. e4 e6 2. d4 c5 3. c3 d5 4. exd5 Qxd5 5. Nf3 Nc6 6. Be2 Nf6 7. Be3 cxd4 8.
cxd4 Bd6 9. Nc3 Qa5 10. h3 O-O 11. O-O e5 12. dxe5 Nxe5 13. Qxd6 Ng6 14. Bc5 Rd8 15. Bb4 Rxd6 16. Bxa5 b6 17. Bb4 Rd8 18. Rad1 Bb7 19. Rxd8+ Rxd8 20. Be7 Nxe7 21. Rd1 Rc8 22. Nb5 Ra8 23. Nxa7 Ng6 24. Nb5 Nf4 25. Bc4 Nxh3+ 26. gxh3 Bxf3 27. Rd6 Rb8 28. Nd4 Be4 29. Nc6 Re8 30.
Nd8 Bg6 31. Nb7 Be4 32. Rxb6 Rb8 33. Ba6 Nd7 34. Rb3 Bd5 35. Rb4 Nc5 36. Nxc5 Rxb4 37. Nd3 Ra4 38. Bb5 Rxa2 39. Kh2 Be4 40. Kg3 Bxd3 41.
Bxd3 Rxb2 42. Be4 g6 43. f3 Kg7 44. Bd5 h5 45. Be4 f5 46. Bd5 h4+ 47. Kxh4 Rg2 48. f4 Rg1 49. Bc6 Kh6 50. Be8 g5+ 51. fxg5+ Rxg5 52. Bc6 f4 53. Bf3 Rg3 54. Be2 Kg6 55.
Bg4 Kf6 56. Bd1 Rg5 57. Bf3 Kf5 58. Bh1 Rg3 59. Bc6 Rg5 60. Bd7+ Kf6 61. Bc6 Rg7 62. Bf3 Kf5 63. Bg4+ Ke4 64. Bc8 f3 65. Ba6 Kf4 66. Kh5 Rh7+ 67. Kg6 Rxh3 68. Kf6 f2 69. Ke6 Rh6+ 70.
Kd5 Rxa6 0-1

[Event "*** Titled Tuesday 3|2 Blitz"]
[Site "Chess.com"]
[Date "2016.06.07"]
[Round "1"]
[White "Fawolizzo"]
[Black "Rumpel-VK"]
[Result "0-1"]
[WhiteElo "2004"]
[BlackElo "2409"]
[TimeControl "180+2"]
[EndTime "17:07:55 PDT"]
[Termination "Rumpel-VK won by resignation"]

1. d4 d5 2. Nf3 Nf6 3. c4 dxc4 4. Qa4+ c6 5. Qxc4 Bf5 6. g3 e6 7. Bg2 Nbd7 8. O-O Be7 9. Bg5 O-O 10. Nbd2 Ne4 11.
Bxe7 Qxe7 12. Rac1 Rac8 13. Qb3 Ndf6 14. Nc4 Rfd8 15.
Rfd1 h6 16. Nfe5 c5 17. e3 cxd4 18. exd4 Nd5 19. Nd2 Nxd2 20. Rxc8 Nxb3 21. Rxd8+ Qxd8 22. axb3 Bc2 23. Rc1 Bxb3 24. h4 Nb6 25. Bxb7 Bd5 26. Ba6 Ba8 27. Rd1 Qd5 28. f3 f6 29. Ng6 Qxf3 30.
Rd2 Qxg3+ 0-1

[Event "*** Titled Tuesday 3|2 Blitz"]
[Site "Chess.com"]
[Date "2016.06.07"]
[Round "1"]
[White "saraswathii"]
[Black "sandropozo"]
[Result "0-1"]
[WhiteElo "1970"]
[BlackElo "2407"]
[TimeControl "180+2"]
[EndTime "17:08:14 PDT"]
[Termination "sandropozo won on time"]

1. e4 e6 2. d3 d5 3. Nd2 Nc6 4. Ngf3 Nf6 5. g3 dxe4 6. dxe4 Bc5 7. Bg2 O-O 8. O-O e5 9. c3 a5 10. Qe2 b6 11. Nc4 Ba6 12. b3 Qe7 13. Nh4 g6 14.
Bg5 Qe6 15. Rad1 a4 16. Kh1 axb3 17. axb3 Na5 18. Qf3 Nd7 19. Bh6 Rfd8 20. Rfe1 Nxc4 21. bxc4 Bxc4 22. Rd2 Nf6 23. Red1 Rxd2 24. Rxd2 Ra1+ 25.
Rd1 Rxd1+ 26. Qxd1 Qd7 27. Qa1 Bf8 28. Bg5 Ng4 29. Kg1 Bc5 30. h3 Nxf2 31. Qa8+ Kg7 32. Kh2 Be7 33. Bxe7 Qxe7 34. Qc6 b5 35. Nf3 Nd3 36.
Nd2 Qd6 37. Qe8 Ne1 0-1

[Event "*** Titled Tuesday 3|2 Blitz"]
[Site "Chess.com"]
[Date "2016.06.07"]
[Round "1"]
[White "hangemhigh"]
[Black "Cruel_Yaro"]
[Result "0-1"]
[WhiteElo "2216"]
[BlackElo "2552"]
[TimeControl "180+2"]
[EndTime "17:08:18 PDT"]
[Termination "Cruel_Yaro won on time"]

1. d4 Nf6 2. Nf3 c5 3. d5 e6 4. c4 exd5 5. cxd5 d6 6. Nc3 g6 7. Bf4 a6 8. e4 Bg7 9. Qa4+ Bd7 10. Qb3 Qc7 11. a4 O-O 12. Be2 Bg4 13. h3 Bxf3 14. Bxf3 Nbd7 15. O-O Ne8 16. a5 Rb8 17. Rfe1 b5 18.
axb6 Rxb6 19. Qc2 Qb7 20. Ra2 Be5 21. Bc1 Nc7 22. Bg4 Nf6 23. Nb1 Nxg4 24. hxg4 Qc8 25. g5 Qg4 26. Qe2 Qh4 27. g3 Qh3 28. Nd2 Nb5 29.
Qf1 Qg4 30. Qe2 Qc8 31. f4 Nd4 32. Qg2 Bg7 33. Nc4 Rb3 34. Re3 Qg4 35. Rxb3 Qd1+ 36. Qf1 Qxb3 37. Ra3 Qc2 38. Be3 Ne2+ 39. Kg2 Qxe4+ 40.
Qf3 Qxc4 0-1

[Event "*** Titled Tuesday 3|2 Blitz"]
[Site "Chess.com"]
[Date "2016.06.07"]
[Round "1"]
[White "Keaton87"]
[Black "1random"]
[Result "0-1"]
[WhiteElo "2458"]
[BlackElo "2119"]
[TimeControl "180+2"]
[EndTime "17:08:27 PDT"]
[Termination "1random won by resignation"]

1. d4 Nf6 2. Bg5 e6 3. e3 d5 4.
Bd3 c5 5. c3 Nc6 6. Nd2 e5 7.
dxe5 Nxe5 8. Bb5+ Nc6 9. Ngf3 Be7 10. O-O Bg4 11. h3 Bh5 12. Qc2 O-O 13. Be2 Ne4 14.
Bxe7 Qxe7 15. Rfe1 Rfe8 16. Nxe4 dxe4 17. Nd2 Bxe2 18. Rxe2 Rad8 19. Ree1 Rd3 20. Rad1 Red8 21. Nf1 c4 22. Qa4 Ne5 23. Rxd3 Nxd3 24. Rd1 Qc5 25. Rd2 b5 26. Qa6 Qb6 27. Qxb6 axb6 28. a3 f5 29. Ng3 Rd5 30. f3 exf3 31. gxf3 g6 32. Nh1 Re5 33. Re2 Nf4 34. Re1 Nxh3+ 35. Kf1 Rd5 36. Kg2 Ng5 37. Re2 Ne6 38. Nf2 Nc5 39. e4 fxe4 40. fxe4 Re5 41. Kf3 Kf7 42. Ng4 Re8 43. Nf2 h5 44. Rd2 Ke7 45. Rd5 Rd8 46. Rg5 Kf6 47. Rg2 Nd3 48. Nh3 Ne1+ 49. Kf2 Rd2+ 50.
Kxe1 Rxg2 51. Nf4 Rxb2 52. Nd5+ Ke5 0-1

[Event "*** Titled Tuesday 3|2 Blitz"]
[Site "Chess.com"]
[Date "2016.06.07"]
[Round "1"]
[White "JustaTrickstar"]
[Black "AleksandrKholin"]
[Result "1-0"]
[WhiteElo "2472"]
[BlackElo "2106"]
[TimeControl "180+2"]
[EndTime "17:08:51 PDT"]
[Termination "JustaTrickstar won by resignation"]

1. d4 Nf6 2. c4 e6 3. Nf3 Bb4+ 4. Bd2 a5 5. g3 b6 6. Bg2 Bb7 7. O-O O-O 8. Bf4 Be7 9. Qc2 d6 10. Nc3 Nfd7 11. e4 g5 12. Be3 g4 13. Nd2 e5 14. d5 Bg5 15. Nd1 Na6 16. Bxg5 Qxg5 17. Ne3 Ndc5 18. a3 a4 19. h4 gxh3 20. Bxh3 Bc8 21.
Bxc8 Raxc8 22. Nf5 c6 23. dxc6 Rxc6 24. Rad1 Nc7 25.
Nb1 Rd8 26. Nc3 N7e6 27. Nxa4 Kh8 28. Nc3 Nf4 29. Nd5 Nce6 30. Nxf4 Nxf4 31. Rfe1 b5 32. b3 bxc4 33. bxc4 h5 34. Kh2 Ng6 35. Rh1 Ra8 36. Rxd6 Rxd6 37. Nxd6 Qf6 38. Nf5 Rxa3 39. Kg2 h4 40. c5 Kg8 41. c6 hxg3 42. fxg3 Qe6 43. c7 Ra2 44. c8=Q+ Qxc8 45. Qxa2 1-0